 Dungeon Crawl Stone Soup version 0.32-a0-711-g016ad743e0 (webtiles) character file.

Game seed: 14780548535278780118

57715 Griffin23 the Fencer (level 14, -5/129 HPs)
             Began as a Minotaur Fighter on Mar 15, 2024.
             Was a High Priest of Okawaru.
             Slain by a skeletal warrior
             ... wielding a +0 war axe
              (10 damage)
             ... on level 12 of the Dungeon.
             The game lasted 00:59:10 (24581 turns).

Griffin23 the Fencer (Minotaur Fighter)            Turns: 24581, Time: 00:59:11

Health: -5/129     AC: 23    Str: 32    XL:     14   Next: 46%
Magic:  17/19      EV: 17    Int:  5    God:    Okawaru [*****.]
Gold:   331        SH: 13    Dex: 10    Spells: 13/13 levels left

rFire   . . .        G - +7 Throatcutter {drain, coup de grace}
rCold   . . .        c - +0 buckler
rNeg    . . .        g - +1 plate armour
rPois   +            (helmet restricted)
rElec   .            (no cloak)
rCorr   .            (no gloves)
SInv    .            q - +0 pair of boots
Will    +....        D - amulet of reflection Stlth
                     Y - +8 ring of evasion
HPRegen 0.41/turn    U - +6 ring of strength
MPRegen 0.16/turn

%: random rage (3%), reflection
@: heroic, on berserk cooldown, slowed, very slow
A: horns 2, retaliatory headbutt, iridescent scales 1, berserk 1, poison
resistance
a: Renounce Religion, Heroism, Finesse, Duel


You were on level 12 of the Dungeon.
You worshipped Okawaru.
Okawaru was extremely pleased with you.
You visited 3 branches of the dungeon, and saw 18 of its levels.

You collected 1471 gold pieces.
You spent 1140 gold pieces at shops.

Inventory:

Hand Weapons
 G - the +7 Throatcutter (weapon) {drain, coup de grace}
   (You took it off an orc priest on level 8 of the Dungeon)
Missiles
 a - a javelin
 v - 4 throwing nets (quivered)
 R - 8 boomerangs
 W - 5 atropa-tipped darts
Armour
 c - a +0 buckler (worn)
 g - a +1 plate armour (worn)
 q - a +0 pair of boots (worn)
Jewellery
 h - a ring of resist corrosion
 k - a ring of resist corrosion
 o - a ring of wizardry
 D - an amulet of reflection (around neck)
 F - a ring of protection from fire
 I - a ring of poison resistance
 L - a ring of ice
 S - a ring of positive energy
 U - a +6 ring of strength (right hand)
 X - a +6 ring of dexterity
 Y - a +8 ring of evasion (left hand)
 Z - a ring of flight
Wands
 f - a wand of digging (8)
 j - a wand of flame (22)
 A - a wand of warping (12)
Scrolls
 i - 5 scrolls of fear
 m - 4 scrolls of enchant weapon
 n - 2 scrolls of revelation
 p - 5 scrolls of vulnerability
 s - 2 scrolls of noise
 y - 5 scrolls of poison
 z - 3 scrolls of immolation
 C - 4 scrolls of fog
 E - 5 scrolls of identify
 J - 2 scrolls of silence
 K - a scroll of enchant armour
 M - 2 scrolls of amnesia
 O - a scroll of summoning
 P - 2 scrolls of brand weapon
Potions
 b - 2 potions of ambrosia
 d - 3 potions of might
 e - 7 potions of curing
 l - 3 potions of brilliance
 t - 3 potions of enlightenment {unknown}
 u - 2 potions of magic
 w - a potion of lignification {unknown}
 x - 4 potions of cancellation
 B - 3 potions of degeneration
 H - a potion of haste {unknown}
 T - a potion of attraction
 V - a potion of invisibility {unknown}


   Skills:
 + Level 13.1(18.1) Fighting
 + Level 15.7(20.7) Long Blades
 + Level 3.2(8.2) Throwing
 + Level 13.2(18.2) Armour
 + Level 13.1(18.1) Shields
 * Level 8.9 Invocations
 * Level 8.1 Evocations


You had 13 spell levels left.
You didn't know any spells.
Your spell library contained the following spells:

 Spells                   Type           Power      Damage    Failure   Level
 Magic Dart               Conj           0%         1d3       93%         1
 Ensorcelled Hibernation  Hex/Ice        0%         N/A       98%         2
 Searing Ray              Conj           0%         2d4       98%         2
 Sublimation of Blood     Necr           0%         N/A       98%         2
 Dazzling Flash           Conj/Hex       0%         N/A       100%        3
 Inner Flame              Hex/Fire       0%         N/A       100%        3
 Passwall                 Erth           0%         N/A       100%        3
 Swiftness                Air            0%         N/A       100%        3
 Volatile Blastmotes      Fire/Tloc      0%         2d10      100%        3
 Flame Wave               Conj/Fire      0%         2d4       100%        4
 Fulminant Prism          Conj/Alch      0%         3d5       100%        4
 Iskenderun's Mystic Bla  Conj/Tloc      0%         2d3       100%        4
 Petrify                  Alch/Erth      0%         N/A       100%        4
 Sticky Flame             Fire/Alch      0%         2d4       100%        4
 Irradiate                Conj/Alch      0%         3d11      100%        5
 Starburst                Conj/Fire      0%         6d3       100%        6
 Maxwell's Capacitive Co  Air            0%         ∞         100%        8


Dungeon Overview and Level Annotations

Branches:
Dungeon (12/15)            Temple (1/1) D:7            Lair (5/5) D:9
 Shoals (0/4) Lair:3        Snake (0/4) Lair:2        Slime (0/5) Lair:5
    Orc (0/2) D:10

Altars:
Ashenzari
Cheibriados
Dithmenos
Elyvilon
Fedhas
Gozag
Hepliaklqana
Kikubaaqudgha
Makhleb
Nemelex Xobeh
Okawaru
Qazlal
Ru
Sif Muna
Trog
Uskayaw
Vehumet
Wu Jian
Xom
Yredelemnul
Zin
The Shining One

Shops:
D:2 =   D:3 (((=   D:8 (

Annotations:
Lair:2 3 runed translucent doors, Malificent's ghost, journeyman DrSh
Lair:4 2 transporters, Agan's ghost, journeyman MeSh
Lair:5 2 transporters, exclusion: 2 oklob plants, Uczuh's ghost, journeyman VSGl


Innate Abilities, Weirdness & Mutations

You have a pair of horns on your head.
You reflexively headbutt those who attack you in melee.
You are partially covered in iridescent scales. (AC +2)
You sometimes lose your temper in combat.
Your system is resistant to poisons. (rPois)


Message History

You block the skeletal warrior's attack.
The skeletal warrior hits you but does no damage.
You block the skeletal warrior's attack.
The skeletal warrior hits you with a +2 flail of protection!
* * * LOW HITPOINT WARNING * * *
You feel better.
The skeletal warrior completely misses you.
You furiously retaliate!
You headbutt the skeletal warrior.
You block the skeletal warrior's attack.
The skeletal warrior misses you.
You feel better.
You block the skeletal warrior's attack.
The skeletal warrior barely misses you. You furiously retaliate!
You headbutt the skeletal warrior!
The skeletal warrior hits you with a +0 war axe.
* * * LOW HITPOINT WARNING * * *
The skeletal warrior hits you with a +0 war axe.
* * * LOW HITPOINT WARNING * * *
You block the skeletal warrior's attack.
You gain the combat prowess of a mighty hero.
The skeletal warrior completely misses you.
You furiously retaliate!
You headbutt the skeletal warrior.
The skeletal warrior closely misses you.
You furiously retaliate!
You headbutt the skeletal warrior! The skeletal warrior barely misses you.
The skeletal warrior hits you but does no damage.
You hit the skeletal warrior but do no damage.
Your headbutt misses the skeletal warrior.
The skeletal warrior is heavily damaged.
You block the skeletal warrior's attack.
The skeletal warrior hits you with a +2 flail of protection!!
* * * LOW HITPOINT WARNING * * *
You block the skeletal warrior's attack.
Okay, then.
You feel better.
You block the skeletal warrior's attack. x2
The skeletal warrior hits you with a +0 war axe!
* * * LOW HITPOINT WARNING * * *
The skeletal warrior hits you with a +0 war axe!
You die...

♣♣~~~~♣♣ ♣♣♣~P~P~P♣ ♣♣~~≈~≈≈P~♣
♣~≈~≈≈≈≈≈~P ♣~~≈≈≈≈≈≈≈~
.♣~~≈≈≈≈≈≈≈~ # #.♣PPP≈≈≈≈≈≈~
#####################..PP~P~~≈PP~
..z..§§§§.....zz@......~~~~~~~P~†
...z.§§§§......zz......~~~~~~PP~~
......z§§..............PP~~P~P~P~
##.....§§..######......~P~P~~~P~~
#.........# #......~~~....~~P
##........(# #..##............
)..........# #..#.............
...........# #..#.............
...........# #..+...#)..######


You could see 4 skeletal warriors.

Vanquished Creatures
  8 hydras
  2 catoblepae (Lair:5)
  A death yak (D:8)
  5 two-headed ogres
  A boulder beetle (Lair:1)
  A skeletal warrior (D:12)
  A skyshark (Lair:4)
  A deep troll (D:9)
  2 lindwurms (Lair:5)
  2 wolf spiders (Lair:5)
  2 ugly things (D:9)
  3 manticores
  A salamander (Lair:2)
  3 cyclopes
  3 meliai (Lair:4)
  A torpor snail (Lair:2)
  An elephant (Lair:2)
  7 black mambas
  A gargoyle (D:10)
  19 cane toads
  An unseen horror (D:12)
  5 rime drakes
  7 komodo dragons
  A queen bee (Lair:4)
  A troll (D:11)
  A wind drake (shapeshifter) (D:9)
  4 polar bears
  A snapping turtle (Lair:3)
  21 blink frogs
  2 hornets (Lair:5)
  A water elemental (Lair:3)
  A vampire (D:10)
  7 basilisks
  61 yaks
  3 wraiths
  7 wyverns
  8 vampire mosquitoes
  4 steam dragons
  20 water moccasins
  2 orc warriors
  5 ice beasts
  A sky beast (D:9)
  13 wolves
  A crocodile (D:9)
  4 ogres
  2 centaurs
  2 phantoms
  4 kobold brigands
  A wyvern zombie (D:9)
  15 bullfrogs
  2 gnoll sergeants
  3 scorpions (D:5)
  8 wights (D:8)
  26 killer bees
  3 electric eels
  6 howler monkeys
  3 lava snakes (Lair:2)
  2 jellies
  4 hounds
  2 gnoll boudas
  3 orc priests
  8 iguanas
  5 orc wizards
  19 gnolls
  9 adders
  A shadow imp (D:7)
  3 white imps (D:5)
  2 ufetubi (D:6)
  2 dart slugs (D:2)
  4 ribbon worms
  37 orcs
  6 endoplasms
  4 giant cockroaches
  5 goblins
  6 hobgoblins
  4 jackals (D:2)
  3 quokkas
  3 ball pythons
  6 bats
  A frilled lizard (D:2)
  A goblin skeleton (D:5)
  A goblin zombie (D:5)
  3 hobgoblin zombies (D:5)
  19 kobolds
  3 orc skeletons (D:5)
  7 rats
495 creatures vanquished.

Vanquished Creatures (others)
  A steam dragon (D:7)
1 creature vanquished.

Grand Total: 496 creatures vanquished

Notes
Turn   | Place    | Note
-------+----------+-------------------------------------------
     0 | D:1      | Griffin23 the Minotaur Fighter began the quest for the Orb.
     0 | D:1      | Reached XP level 1. HP: 19/19 MP: 0/0
   185 | D:1      | Reached XP level 2. HP: 27/27 MP: 1/1
   364 | D:1      | Reached skill level 3 in Long Blades
   376 | D:1      | Reached XP level 3. HP: 33/33 MP: 2/2
   852 | D:2      | Found Wokhlef's One-of-a-Kind Rings.
  1420 | D:3      | Found a faded altar of an unknown god.
  1563 | D:3      | Reached XP level 4. HP: 41/41 MP: 3/3
  1565 | D:3      | Found Yrghau's Antique Weapon Shoppe.
  1585 | D:3      | Found Naxoreed's Antique Weapon Boutique.
  1605 | D:3      | Found Ruuqasuh's Jewellery Emporium.
  1869 | D:3      | Found Wyxtawyuta's Antique Weapon Emporium.
  2062 | D:4      | Reached skill level 4 in Long Blades
  2062 | D:4      | Reached XP level 5. HP: 26/47 MP: 4/4
  2292 | D:4      | Found a sacrificial altar of Ru.
  2800 | D:4      | Reached skill level 5 in Fighting
  3106 | D:5      | Entered Level 5 of the Dungeon
  3153 | D:5      | Reached skill level 5 in Armour
  3153 | D:5      | Reached XP level 6. HP: 29/56 MP: 5/5
  3281 | D:5      | Reached skill level 5 in Long Blades
  3281 | D:5      | Reached skill level 5 in Shields
  3388 | D:5      | Reached XP level 7. HP: 37/61 MP: 6/6
  3394 | D:5      | Reached skill level 6 in Long Blades
  3584 | D:5      | Found a glowing golden altar of the Shining One.
  4084 | D:5      | Found a broken altar of Ashenzari.
  4085 | D:5      | Found a shimmering blue altar of Sif Muna.
  4580 | D:6      | Reached skill level 7 in Long Blades
  4689 | D:6      | Reached XP level 8. HP: 53/70 MP: 7/7
  5154 | D:6      | Identified the +6 short sword of Okawaru, Shimmering
                  | {spect, Dex+5}
  5438 | D:6      | Reached skill level 8 in Long Blades
  6179 | D:7      | Reached skill level 9 in Long Blades
  6183 | D:7      | Reached XP level 9. HP: 72/79 MP: 8/8
  6245 | D:7      | Found a stormy altar of Qazlal.
  6555 | D:7      | Found a staircase to the Ecumenical Temple.
  6577 | D:7      | Reached skill level 10 in Long Blades
  6875 | Temple   | Entered the Ecumenical Temple
  6903 | Temple   | Became a worshipper of Warmaster Okawaru
  7734 | D:8      | Reached * piety under Okawaru
  7796 | D:8      | Gained mutation: Your system is resistant to poisons.
                  | (rPois) [potion of mutation]
  7796 | D:8      | Gained mutation: Your flesh is heat resistant. (rF+)
                  | [potion of mutation]
  7973 | D:8      | Reached skill level 11 in Long Blades
  8062 | D:8      | Found Ufeluwk's Hydra Hut.
  8064 | D:8      | Noticed an eight-headed hydra
  8067 | D:8      | Reached XP level 10. HP: 90/90 MP: 9/9
  8114 | D:8      | Found a shadowy altar of Dithmenos.
  8116 | D:8      | Found an ancient bone altar of Kikubaaqudgha.
  8554 | D:9      | Noticed a two-headed ogre
  8559 | D:9      | Killed a two-headed ogre
  8694 | D:9      | Reached ** piety under Okawaru
  8750 | D:9      | Noticed a cyan ugly thing
  8752 | D:9      | Noticed a two-headed ogre
  8758 | D:9      | Killed a cyan ugly thing
  8763 | D:9      | Killed a two-headed ogre
  8764 | D:9      | Reached skill level 12 in Long Blades
  8780 | D:9      | Reached *** piety under Okawaru
  9253 | D:9      | Noticed a two-headed ogre
  9253 | D:9      | Identified the +7 whip of Sulphur {holy, rF+ Int+4 Stlth+}
  9263 | D:9      | Killed a two-headed ogre
  9289 | D:9      | Reached XP level 11. HP: 74/99 MP: 10/10
  9468 | D:9      | Noticed a death yak
  9469 | D:9      | Found a staircase to the Lair.
  9477 | D:8      | Reached skill level 13 in Long Blades
  9477 | D:8      | Reached skill level 10 in Shields
  9504 | D:8      | Reached skill level 10 in Armour
  9510 | D:8      | Killed a death yak
  9510 | D:8      | Reached **** piety under Okawaru
  9511 | D:8      | Reached skill level 10 in Fighting
 10060 | D:9      | Found a snail-covered altar of Cheibriados.
 10196 | D:9      | Noticed a two-headed ogre
 10202 | D:9      | Killed a two-headed ogre
 10237 | D:9      | Noticed a cyan ugly thing
 10250 | D:9      | Killed a cyan ugly thing
 10250 | D:9      | Reached ***** piety under Okawaru
 10399 | D:9      | Noticed a deep troll
 10408 | D:9      | Killed a deep troll
 10455 | D:9      | Identified the +6 swamp dragon scales of Skepticism {rPois
                  | rCorr MP+9}
 10625 | D:10     | Entered Level 10 of the Dungeon
 10813 | D:10     | Found a staircase to the Orcish Mines.
 10904 | D:10     | Lost mutation: Your system is resistant to poisons. (rPois)
                  | [potion of mutation]
 10904 | D:10     | Lost mutation: Your flesh is heat resistant. (rF+) [potion
                  | of mutation]
 10904 | D:10     | Gained mutation: You have supernaturally acute eyesight.
                  | (SInv) [potion of mutation]
 10904 | D:10     | Gained mutation: You have large cloven feet. [potion of
                  | mutation]
 10905 | D:10     | Lost mutation: You have large cloven feet. [potion of
                  | mutation]
 10905 | D:10     | Lost mutation: You have supernaturally acute eyesight.
                  | (SInv) [potion of mutation]
 10905 | D:10     | Gained mutation: You are weak. (Str -2) [potion of
                  | mutation]
 10905 | D:10     | Gained mutation: You are resistant to electric shocks.
                  | (rElec) [potion of mutation]
 10906 | D:10     | Lost mutation: You are resistant to electric shocks.
                  | (rElec) [potion of mutation]
 10906 | D:10     | Lost mutation: You are weak. (Str -2) [potion of mutation]
 10906 | D:10     | Gained mutation: You have hidden genetic defects. [potion
                  | of mutation]
 10906 | D:10     | Gained mutation: You have supernaturally acute eyesight.
                  | (SInv) [potion of mutation]
 10906 | D:10     | Gained mutation: Your health recovers twice as slowly from
                  | being drained. [potion of mutation]
 10906 | D:10     | Gained mutation: Your system is resistant to poisons.
                  | (rPois) [potion of mutation]
 10907 | D:10     | Lost mutation: You have hidden genetic defects. [potion of
                  | mutation]
 10907 | D:10     | Lost mutation: You have supernaturally acute eyesight.
                  | (SInv) [potion of mutation]
 10907 | D:10     | Lost mutation: Your health recovers twice as slowly from
                  | being drained. [potion of mutation]
 10907 | D:10     | Gained mutation: You sometimes lose your temper in combat.
                  | [potion of mutation]
 10907 | D:10     | Gained mutation: You are partially covered in iridescent
                  | scales. (AC +2) [potion of mutation]
 10924 | D:10     | Identified the +1 war axe of Karma {freeze, rC++ Str+4}
 11173 | D:10     | Noticed a two-headed ogre
 11180 | D:10     | Killed a two-headed ogre
 11181 | D:10     | Reached skill level 14 in Long Blades
 11400 | D:10     | Received a gift from Okawaru
 12142 | Lair:1   | Entered Level 1 of the Lair of Beasts
 12182 | Lair:1   | Reached skill level 1 in Invocations
 12182 | Lair:1   | Reached skill level 1 in Evocations
 12506 | Lair:1   | Reached XP level 12. HP: 110/110 MP: 9/12
 12789 | Lair:1   | Received a gift from Okawaru
 13247 | Lair:1   | Noticed a boulder beetle
 13272 | Lair:1   | Killed a boulder beetle
 13357 | Lair:1   | Noticed a four-headed hydra
 13372 | Lair:1   | Killed a one-headed hydra
 14333 | Lair:2   | Found a staircase to the Snake Pit.
 14742 | Lair:2   | Reached skill level 5 in Invocations
 14941 | Lair:2   | Found a runed translucent gate.
 14941 | Lair:2   | Found a runed translucent gate.
 14941 | Lair:2   | Found a runed translucent gate.
 14942 | Lair:2   | Noticed a minotaur
 14942 | Lair:2   | Noticed a six-headed hydra
 14943 | Lair:2   | Noticed Malificent's ghost (journeyman DrSh)
 14957 | Lair:2   | You fall into a shaft and drop 1 floor!
 15401 | Lair:2   | Reached skill level 5 in Evocations
 15456 | Lair:2   | Received a gift from Okawaru
 15606 | Lair:2   | Noticed a four-headed hydra
 15613 | Lair:2   | HP: 4/112 [nine-headed hydra (7)]
 15892 | Lair:2   | Killed a nine-headed hydra
 15958 | Lair:2   | Reached XP level 13. HP: 98/118 MP: 16/16
 16088 | Arena    | Entered the Arena
 16111 | Arena    | Entered the Arena
 17928 | D:3      | Bought a +6 ring of strength for 360 gold pieces
 17966 | D:2      | Bought a +8 ring of evasion for 780 gold pieces
 18251 | Lair:3   | Reached skill level 15 in Long Blades
 18344 | Lair:3   | Found a staircase to the Shoals.
 19286 | Lair:4   | Found a transporter.
 19286 | Lair:4   | Noticed Agan's ghost (journeyman MeSh)
 19289 | Lair:4   | Found a transporter.
 19394 | Lair:4   | Received a gift from Okawaru
 19952 | Lair:4   | Reached skill level 1 in Throwing
 20287 | Lair:4   | Received a gift from Okawaru
 21035 | Lair:5   | Entered Level 5 of the Lair of Beasts
 21054 | Lair:5   | Reached XP level 14. HP: 127/127 MP: 17/19
 21452 | Lair:5   | Found a transporter.
 21458 | Lair:5   | Found a staircase to the Slime Pits.
 21475 | Lair:5   | Found a transporter.
 21479 | Lair:5   | Received a gift from Okawaru
 21484 | Lair:5   | Noticed Uczuh's ghost (journeyman VSGl)
 23094 | Lair:5   | Received a gift from Okawaru
 24556 | D:12     | HP: 4/193 [skeletal warrior/+0 war axe (19)]
 24580 | D:12     | HP: 3/129 [skeletal warrior/+2 flail of protection (20)]
 24581 | D:12     | Slain by a skeletal warrior

Illustrated notes

Levels and vault maps discovered:
D:1:      tarquinn_simple_flora_water_b, layout_basic
D:2:      layout_loops_cross, hangedman_decor_push, nicolae_shop_unique_rings
D:3:      layout_loops_cross, serial_shops, shop, shop, shop,
          nicolae_shop_stone, dreamdust_ecumenical_altar_statues, moated_statue
D:4:      layout_basic, lemuel_doored_altar, portal_sewer_entry_d
D:5:      layout_basic, jmf_multi_god_temple, nicolae_tso_besieged_by_evil,
          minivault_25
D:6:      layout_basic, dreamdust_wishing_well
D:7:      layout_basic, amcnicky_altar_gilded,
          minmay_temple_entry_statues_fountains, grunt_ogre_cave
D:8:      layout_loops_ring, nicolae_overflow_hidden_temple,
          doesnt_shop_hydraphobe
D:9:      regret_index_malice_mire, layout_irregular_city, chei_slow_surprise,
          dpeg_lair_monsters, serial_glass, glass_columns_b, glass_columns_a,
          due_unseen_surprise, minmay_strange_pillars
D:10:     layout_loops_corners, orc_0_dummy
D:11:     layout_irregular_city
D:12:     nooodl_glass_maze, layout_irregular_city, serial_bayou,
          serial_bayou_shore_a, serial_bayou_ford_a, serial_bayou_pond_b,
          serial_bayou_lagoon_a, disabler_island
Temple:   nicolae_temple_bog_church
Lair:1:   layout_chaotic_city, nzn_sisyphean_effort
Lair:2:   nzn_winding_woodlands_large [nzn_winding_woodlands_5x5_open_star,
          nzn_winding_woodlands_5x15_cabin, nzn_winding_woodlands_5x5_cross,
          nzn_winding_woodlands_center_triple_pond,
          nzn_winding_woodlands_15x15_boxy_spiral,
          nzn_winding_woodlands_center_pierced_h,
          nzn_winding_woodlands_5x5_closed_star,
          nzn_winding_woodlands_5x15_longhouse,
          nzn_winding_woodlands_5x5_default], layout_regular_city,
          nicolae_snake_entry_warm_welcome, maelrawn_ghost_gauntlet_escape,
          gauntlet_entry_generic, hangedman_lair_unloving_vines
Lair:3:   layout_misc_corridors, minmay_shoals_entry_hut,
          infiniplex_staircase_pool_2
Lair:4:   layout_roguey, special_room [special_room_bee], gammafunk_ghost_arena,
          st_stairs_9, hibernation_bobbens, grunt_megastairs_3
Lair:5:   hangedman_lair_in_review, layout_loops_ring,
          minmay_slime_entry_oklob_open, gammafunk_ghost_berserking_beasts,
          nicolae_lair_run_with_the_wolves, lemuel_fruit_fields

Skill      XL: |  1  2  3  4  5  6  7  8  9 10 11 12 13 14 |
---------------+-------------------------------------------+-----
Fighting       | 4 5 6 7 8 9 11 12 13 | 13.1
Armour         | 4 5 6 7 8 9 11 12 13 | 13.2
Shields        | 4 5 6 7 8 9 11 12 13 | 13.1
Long Blades    | 3 4 5 7 9 11 12 14 15 | 15.7
Invocations    | 2 5 8 |  8.9
Evocations     | 2 5 7 8 |  8.1
Throwing       | 2 3 |  3.2

Action                     |  1- 3 |  4- 6 |  7- 9 | 10-12 | 13-15 || total
---------------------------+-------+-------+-------+-------+-------++-------
  Melee: Long sword        |   117 |   123 |   397 |   479 |   533 ||  1649
         Headbutt          |    17 |    27 |    78 |    80 |   112 ||   314
 Invoke: Heroism           |       |       |       |     4 |     6 ||    10
         Duel              |       |       |       |       |     2 ||     2
         Finesse           |       |       |       |       |     1 ||     1
  Evoke: Wand              |       |       |       |    15 |    13 ||    28
    Use: Scroll            |       |       |    10 |    10 |    12 ||    32
         Potion            |       |       |     4 |     7 |     7 ||    18
 Armour: Plate armour      |    98 |   119 |   350 |   453 |   589 ||  1609
  Dodge: Dodged            |    27 |    37 |   107 |   114 |   409 ||   694
  Block: Buckler           |    26 |    19 |   111 |   130 |   249 ||   535

Table legend: (Time is in decaauts)
 A = Elapsed time spent in this place.
 B = Non-inter-level travel time spent in this place.
 C = Inter-level travel time spent in this place.
 D = Time resting spent in this place.
 E = Time spent auto-exploring this place.
 F = Levels seen in this place.
 G = Mean time per level.
                   A        B        C        D        E       F      G
               +--------+--------+--------+--------+--------+-----+--------+
         Total |  24627 |  22916 |   1711 |   6638 |  13119 |  20 | 1231.3 |
       Dungeon |  13447 |  12253 |   1194 |   1751 |   8512 |  12 | 1120.6 |
        Temple |    160 |      7 |    153 |      0 |      0 |   1 |  160.0 |
          Lair |  10954 |  10590 |    364 |   4851 |   4607 |   5 | 2190.8 |
         Arena |     65 |     65 |      0 |     36 |      0 |   2 |   32.5 |
               +--------+--------+--------+--------+--------+-----+--------+

Top non-repeatable levels by time:
  Lair:2: 3330 daAuts
  Lair:5: 2526 daAuts
  Lair:1: 2043 daAuts
  Lair:4: 1847 daAuts
     D:9: 1772 daAuts
     D:6: 1553 daAuts
     D:7: 1533 daAuts
     D:5: 1420 daAuts
     D:8: 1406 daAuts
    D:10: 1263 daAuts
  Lair:3: 1205 daAuts
     D:4: 1182 daAuts
     D:1: 779 daAuts
    D:11: 746 daAuts
     D:2: 686 daAuts
